AoeStats
← tilmanv

Arena

508744135Analyzed
4v4 RM · 9d ago on Sep 23, 2026· 46m 56s· 8 players
Game mode
Random Map
Map size
Large (8 player)
Population
200
Speed
Normal
Resources
Standard
Victory
Conquest
Starting age
Dark Age
Ending age
Imperial Age
RankedLock teamsTeams togetherTeam positionsShared explorationLock speedFull tech treeHidden civsTurbo modeCheats
Victory
Defeat
🇦🇷 Celts · Argentina
993
+15
🇩🇪 Teutons · Germany
978
+16
🇧🇷 Romans · Brazil
962
+17
🇨🇱 Magyars · Chile
936
+18
🇨🇳 Cumans · China
1001
-17
🇲🇽 Khmer · Mexico
997
-17
🇮🇹 Franks · Italy
981
-17
🇬🇧 Italians · United Kingdom
933
-15
Dsaidm
11:02 Feudal Age
16:09 Castle Age
13:58 Double-Bit Axe
14:06 Horse Collar
18:32 Loom
22:25 Bow Saw
24:10 Wheelbarrow
26:43 Heavy Plow
28:27 Bloodlines
28:17 Husbandry
29:36 Hand Cart
29:40 Fletching
29:51 Padded Archer Armor
29:56 Scale Barding Armor
30:13 Ballistics
30:40 Bodkin Arrow
33:31 Imperial Age
31:13 Corvinian Army
31:13 Gold Mining
31:13 Stone Mining
33:16 Chain Barding Armor
33:12 Leather Archer Armor
34:06 Gold Shaft Mining
35:28 Heavy Cavalry Archer
36:41 Parthian Tactics
36:27 Pikeman
38:45 Thumb Ring
39:17 Plate Barding Armor
39:13 Ring Archer Armor
38:43 Bracer
40:54 Halberdier
47:31 Scale Mail Armor
Caduzera
9:28 Feudal Age
8:10 Loom
10:08 Double-Bit Axe
10:04 Horse Collar
12:12 Gold Mining
12:14 Stone Mining
17:48 Castle Age
19:05 Bow Saw
19:37 Gold Shaft Mining
20:55 Pikeman
21:41 Scale Mail Armor
21:53 Forging
29:16 Imperial Age
27:40 Heavy Plow
29:14 Ballistas
31:44 Chemistry
32:00 Heavy Scorpion
34:57 Redemption
35:33 Ballistics
35:33 Fortified Wall
42:14 Caravan
tilmanv
11:57 Feudal Age
14:00 Wheelbarrow
13:21 Double-Bit Axe
16:38 Castle Age
14:44 Gold Mining
14:38 Horse Collar
16:07 Stone Mining
17:43 Hand Cart
17:41 Bow Saw
29:35 Imperial Age
28:01 Bloodlines
29:12 Forging
29:08 Scale Barding Armor
29:49 Heavy Plow
29:39 Cavalier
32:14 Iron Casting
32:00 Chain Barding Armor
33:34 Paladin
35:56 Blast Furnace
35:37 Loom
36:33 Plate Barding Armor
36:00 Scale Mail Armor
38:10 Chain Mail Armor
37:44 Pikeman
38:24 Squires
38:10 Arson
39:19 Conscription
39:50 Plate Mail Armor
40:14 Town Watch
40:42 Halberdier
41:58 Crop Rotation
41:51 Elite Teutonic Knight
46:02 Town Patrol
crepysa
6:51 Loom
9:39 Feudal Age
10:11 Horse Collar
10:16 Double-Bit Axe
16:54 Castle Age
15:48 Forging
15:59 Stone Mining
17:19 Wheelbarrow
16:29 Man-at-Arms
17:07 Gold Mining
18:06 Man-at-Arms
19:06 Bow Saw
20:44 Fletching
22:38 Scale Mail Armor
28:50 Chain Mail Armor
36:03 Imperial Age
33:21 Town Watch
34:00 Heavy Plow
35:23 Bodkin Arrow
35:15 Pikeman
35:41 Gambesons
35:42 Arson
35:17 Long Swordsman
36:15 Chain Mail Armor
36:07 Capped Ram
37:11 Conscription
36:13 Two-Handed Swordsman
38:18 Chemistry
38:03 Furor Celtica
38:13 Siege Ram
39:23 Hand Cart
39:36 Heavy Scorpion
40:32 Onager
42:05 Siege Engineers
Borzak4113
0:35 Loom
10:47 Feudal Age
16:26 Castle Age
14:48 Double-Bit Axe
17:18 Bow Saw
18:38 Wheelbarrow
26:28 Scale Barding Armor
26:50 Horse Collar
33:43 Imperial Age
31:20 Heavy Plow
31:16 Stone Mining
31:17 Gold Mining
32:11 Husbandry
32:22 Bloodlines
32:25 Forging
32:35 Chain Barding Armor
34:18 Iron Casting
35:33 Gold Shaft Mining
35:33 Stone Shaft Mining
35:39 Conscription
34:47 Light Cavalry
35:38 Town Watch
36:09 Hand Cart
39:57 Blast Furnace
40:14 Crop Rotation
40:22 Fletching
40:04 Hussar
42:03 Plate Barding Armor
44:07 Bodkin Arrow
PEPPO100
10:42 Feudal Age
15:16 Castle Age
13:18 Double-Bit Axe
18:23 Bow Saw
18:16 Gold Mining
21:19 Wheelbarrow
20:30 Loom
23:57 Stone Mining
24:43 Forging
24:39 Scale Barding Armor
27:57 Imperial Age
26:59 Iron Casting
26:44 Chain Barding Armor
27:03 Gold Shaft Mining
26:52 Hand Cart
26:49 Husbandry
29:52 Town Watch
30:43 Pikeman
31:23 Squires
32:11 Scale Mail Armor
32:47 Plate Barding Armor
32:51 Halberdier
33:49 Chain Mail Armor
33:28 Cavalier
35:16 Blast Furnace
36:00 Plate Mail Armor
36:15 Fletching
36:25 Padded Archer Armor
36:04 Elite Skirmisher
37:40 Paladin
38:26 Bodkin Arrow
40:41 Leather Archer Armor
41:11 Chivalry
lotus
9:30 Feudal Age
12:14 Horse Collar
12:20 Double-Bit Axe
20:20 Castle Age
22:12 Bow Saw
28:59 Imperial Age
27:05 Heavy Plow
27:45 Wheelbarrow
27:00 Town Watch
27:39 Scale Barding Armor
27:44 Forging
28:17 Steppe Husbandry
29:32 Bloodlines
28:55 Pikeman
29:36 Squires
29:21 Arson
30:36 Elite Steppe Lancer
30:39 Light Cavalry
31:41 Conscription
34:03 Two-Man Saw
33:36 Crop Rotation
33:23 Hand Cart
32:54 Loom
33:10 Town Patrol
34:36 Chain Barding Armor
34:27 Forging
34:19 Scale Mail Armor
34:57 Masonry
35:48 Chemistry
35:08 Ballistics
34:41 Fletching
34:52 Padded Archer Armor
36:50 Hussar
42:20 Capped Ram
44:35 Siege Ram
Horahlooks
10:56 Feudal Age
12:31 Double-Bit Axe
15:16 Castle Age
13:00 Horse Collar
15:40 Fletching
16:08 Bow Saw
22:53 Gold Mining
29:23 Loom
29:42 Town Watch
33:09 Masonry
37:06 Imperial Age
35:12 Wheelbarrow
36:18 Fortified Wall
38:49 Chemistry
38:31 Heavy Plow
Connection lost

Rejoining the realm…

Still unreachable

The connection could not be restored.

Session expired

The server has moved on; the page needs a fresh start.